 Dungeon Crawl Stone Soup version 0.21-a0-440-g28109cb (webtiles) character file.

13 slep the Skirmisher (level 2, -3/24 HPs)
             Began as a Demonspawn Fighter on Nov 12, 2017.
             Slain by a worm (8 damage)
             ... on level 2 of the Dungeon.
             The game lasted 00:01:43 (598 turns).

slep the Skirmisher (Demonspawn Fighter)             Turns: 598, Time: 00:01:44

Health: -3/24      AC:  2    Str: 16    XL:     2   Next: 24%
Magic:  2/2        EV:  8    Int:  9    God:
Gold:   26         SH:  8    Dex: 12    Spells: 1/1 levels left

rFire    . . .     SeeInvis .   a - +0 flail
rCold    . . .     Gourm    .   c - +0 shield
rNeg     . . .     Faith    .   l - +0 robe (curse)
rPois    .         Spirit   .   (no helmet)
rElec    .         Reflect  .   (no cloak)
rCorr    .         Harm     .   (no gloves)
MR       .....                  (no boots)
Stlth    +.........             (no amulet)
HPRegen  0.08/turn              (no ring)
MPRegen  0.08/turn              (no ring)

@: lethally poisoned (-3 -> -7)
A: powered by death 1
a: no special abilities


You were on level 2 of the Dungeon.
You were not hungry.

You visited 1 branch of the dungeon, and saw 2 of its levels.

You collected 26 gold pieces.

Inventory:

Hand Weapons
 a - a +0 flail (weapon)
Armour
 b - a +0 scale mail
 c - a +0 shield (worn)
 l - a cursed +0 robe (worn)
Scrolls
 e - a scroll of recharging {unknown}
 g - a scroll of remove curse {unknown}
 j - a scroll of random uselessness {unknown}
 k - a scroll of identify {unknown}
 m - a scroll of teleportation {unknown}
Potions
 d - a potion of might
 h - 2 potions of heal wounds {unknown}
Comestibles
 f - 2 bread rations
 i - 6 fruits


   Skills:
 + Level 3.2 Fighting
 + Level 1.8 Maces & Flails
 + Level 3.0 Armour
 + Level 2.8 Shields


You had one spell level left.
You didn't know any spells.

Dungeon Overview and Level Annotations

Branches:
Dungeon (2/15)

Altars:


Innate Abilities, Weirdness & Mutations

You regenerate a little health from kills.


Message History

A wave of death washes over you.
You feel sick.
You feel sick.
You hit the worm.
The worm is lightly wounded.
The worm bites you.
You hit the worm.
The worm is heavily wounded.
You feel sick.
You sock the worm!
The worm is almost dead.
The worm bites you.
You hit the worm but do no damage.
The worm is severely wounded.
The worm bites you.
* * * LOW HITPOINT WARNING * * *
You barely miss the worm.
The worm is severely wounded.
You feel sick. The worm bites you!
You die...

.......########.......##.
........................>
....$......##.#).........
#.........##.#.)........
#.........##.###........
#(........##.# #........
#.........##.# #........
####w#####.# #...(....
#....@.....# #........
#..........###.<......
#..........#..........
#........).#..........
#..........#....######
#####..###.###### ##.#
#.# #.. .# ##. .#


You could see a worm.

Vanquished Creatures
  An adder (D:2)
  A hobgoblin (D:1)
  A bat (D:1)
  A frilled lizard (D:1)
  A kobold (D:1)
  A rat (D:2)
  A toadstool (D:1)
7 creatures vanquished.

Vanquished Creatures (others)
  3 toadstools (D:1)
3 creatures vanquished.

Grand Total: 10 creatures vanquished

Notes
Turn   | Place    | Note
-------+----------+-------------------------------------------
     0 | D:1      | slep the Demonspawn Fighter began the quest for the Orb.
     0 | D:1      | Reached XP level 1. HP: 18/18 MP: 1/1
   592 | D:2      | Gained mutation: You regenerate a little health from kills. [demonic ancestry]
   592 | D:2      | Reached XP level 2. HP: 21/24 MP: 2/2
   598 | D:2      | Slain by a worm

Vault maps used:
D:1:      ldierk_water_garden, kennysheep_pointless_box, minmay_hedge_maze

Skill      XL: |  1 |
---------------+----+-----
Armour         | 3 |  3.0
Fighting       | |  3.2
Maces & Flails | |  1.8
Shields        | |  2.8

Action                   || total
-------------------------++-------
Melee: Flail             ||    30
Armor: Scale mail        ||     8
       Robe              ||     1
Dodge: Dodged            ||     7
Block: Shield            ||    16

Table legend:
 A = Spawn XP
 B = Non-spawn XP
 C = Spawn XP percentage of total XP
 D = Spawn monster count
 E = Non-spawn monster count
 F = Spawn count percentage of total count
 G = Total turns spent on level
                    A         B        C        D         E        F      G
               +---------+---------+-------+---------+---------+-------+---------
         Total |       0 |      19 |   0.0 |       0 |       6 |   0.0 |   598
               +---------+---------+-------+---------+---------+-------+---------
           D:1 |       0 |       5 |   0.0 |       0 |       4 |   0.0 |   538
           D:2 |       0 |      14 |   0.0 |       0 |       2 |   0.0 |    60
               +---------+---------+-------+---------+---------+-------+---------
